 Dungeon Crawl Stone Soup version 0.17-a0-1475-g9f81d98 (webtiles) character file.

35 emikaela the Digger (level 3, -1/24 HPs)
             Began as a Formicid Earth Elementalist on July 2, 2015.
             Slain by a rat (2 damage)
             ... on level 2 of the Dungeon.
             The game lasted 00:05:25 (1743 turns).

emikaela the Digger (Formicid Earth Elementalist)   Turns: 1743, Time: 00:05:25

Health: -1/24      AC:  2    Str: 12    XL:     3   Next: 55%
Magic:  1/6        EV: 12    Int: 15    God:
Gold:   145        SH:  0    Dex: 11    Spells: 2 memorised, 2 levels left

rFire  + . .     SeeInvis +     m - +0 club (curse)
rCold  + . .     Clarity  .     b - +0 robe
rNeg   . . .     SustAt   +     (no shield)
rPois  +         Gourm    .     (helmet unavailable)
rElec  +         Spirit   .     (no cloak)
rCorr  +         Warding  .     (no gloves)
rMut   .         Stasis   +     (no boots)
MR     .....                    (no amulet)
Stlth  ++........               (no ring)
                                n - ring of sustain attributes

@: lethally poisoned (-1 -> -5), resistant, not resistant to hostile
enchantments, unstealthy
A: permanent stasis, dig shafts and tunnels, four strong arms, antennae 3
a: Dig, Shaft Self


You were on level 2 of the Dungeon.
You were not hungry.

You visited 1 branch of the dungeon, and saw 2 of its levels.

You collected 145 gold pieces.

Inventory:

Hand weapons
 m - a cursed +0 club (weapon)
Missiles
 a - 68 stones
 g - 7 javelins (quivered)
 i - 23 sling bullets
 k - 19 silver bolts
 q - 30 arrows
Armour
 b - a +0 robe (worn)
Jewellery
 n - a ring of sustain attributes (left hand)
Scrolls
 e - 2 scrolls of remove curse {unknown}
 l - 2 scrolls of enchant armour {unknown}
 o - a scroll of amnesia {unknown}
 t - a scroll of identify {unknown}
 v - 3 scrolls of immolation {unknown}
Books
 c - a book of Geomancy
Comestibles
 d - a bread ration
 r - 4 fruits


   Skills:
 - Level 1.7 Dodging
 - Level 2.4 Stealth
 - Level 2.1 Spellcasting
 + Level 0.8 Conjurations
   Level 1.1 Transmutations
 + Level 5.0 Earth Magic


You had 2 spell levels left.
You knew the following spells:

 Your Spells              Type           Power        Failure   Level  Hunger
a - Sandblast             Erth           ###...       2%          1    #......
b - Stone Arrow           Conj/Erth      ##....       24%         3    ###....


Dungeon Overview and Level Annotations

Branches:
Dungeon (2/15)

Altars:


Innate Abilities, Weirdness & Mutations

You are under a permanent stasis effect.
You can dig through walls and to a lower floor.
Your four strong arms can wield two-handed weapons with a shield.
You have a pair of large antennae on your head (SInv).


Message History

Drink which item? (? for menu, Esc to quit)
It was a potion of curing.
You feel better. The adder bites you.
You are poisoned.
The adder poisons you! The rat misses you.
You barely miss the adder.
The adder is heavily wounded.
* * * LOW HITPOINT WARNING * * *
You feel sick. The adder bites you.
* * * LOW HITPOINT WARNING * * *
The rat bites you.
* * * LOW HITPOINT WARNING * * *
The adder barely misses you.
Casting: Sandblast
Confirm with . or Enter, or press ? or * to list all spells.
Okay, then.
Drink which item? (? for menu, Esc to quit)
It was a potion of haste.
Your stasis keeps you stable.
* * * LOW HITPOINT WARNING * * *
You feel sick. The rat bites you.
You die...

#.### #
#...## #
###..# .
##># #.#
#.# ##.####
#.....#
#.@r..#
#..S....$%#
#.........#
#.......#.#
#.......# .
##.....##
#.....#
#######


You could see an adder and a rat.

Vanquished Creatures
  An adder (D:2)
  2 worms (D:2)
  2 giant geckos (D:2)
  A ball python (D:1)
  2 giant cockroaches (D:1)
  2 goblins (D:1)
  3 hobgoblins
  A bat (D:1)
  4 kobolds (D:2)
  A rat (D:1)
19 creatures vanquished.

Notes
Turn   | Place    | Note
--------------------------------------------------------------
     0 | D:1      | emikaela the Formicid Earth Elementalist began the quest for the Orb.
     0 | D:1      | Reached XP level 1. HP: 13/13 MP: 3/3
   257 | D:1      | Reached skill level 4 in Earth Magic
   579 | D:1      | Reached XP level 2. HP: 19/19 MP: 3/5
  1355 | D:2      | Reached skill level 5 in Earth Magic
  1355 | D:2      | Reached XP level 3. HP: 18/24 MP: 2/6
  1379 | D:2      | Learned a level 3 spell: Stone Arrow
  1740 | D:2      | HP: 1/24 [poisoned by an adder]
  1743 | D:2      | Slain by a rat

Vault maps used:
D:1:      lightli_arrival_lavapool, grunt_decor_resistance
D:2:      grunt_decor_cap

Action                   || total
-------------------------++-------
Melee: Club              ||    27
Throw: Javelin           ||    12
       Stone             ||     2
 Cast: Sandblast         ||    46
  Use: Potion            ||     5
 Stab: Sleeping          ||     2
  Eat: Pizza             ||     1
       Chunk             ||     2
